 Dungeon Crawl Stone Soup version 0.18-a0-481-g9a22f0c (webtiles) character file.

1066 Proton the Shield-Bearer (level 8, 63/63 HPs)
             Began as a Formicid Fighter on Dec 2, 2015.
             Quit the game on level 5 of the Dungeon.
             The game lasted 00:06:02 (4147 turns).

Proton the Shield-Bearer (Formicid Fighter)         Turns: 4147, Time: 00:06:02

Health: 63/63      AC: 12    Str: 20    XL:     8   Next: 53%
Magic:  8/8        EV: 10    Int:  8    God:
Gold:   207        SH: 10    Dex: 10    Spells: 0 memorised, 7 levels left

rFire  . . .     SeeInvis +     a - +1 war axe
rCold  . . .     Clarity  .     b - +0 scale mail
rNeg   . . .     SustAt   .     c - +0 shield
rPois  +         Gourm    .     (helmet unavailable)
rElec  .         Spirit   .     q - +2 cloak {rPois}
rCorr  .         Dismiss  .     t - +1 pair of gloves
rMut   .         Stasis   +     (no boots)
MR     .....                    x - amulet of inaccuracy (curse)
Stlth  ..........               v - -3 ring of strength (curse)
                                l - ring of loudness (curse)

@: not resistant to hostile enchantments, extremely unstealthy
A: permanent stasis, dig shafts and tunnels, four strong arms, antennae 3
a: Dig, Shaft Self


You were on level 5 of the Dungeon.
You were not hungry.

You visited 1 branch of the dungeon, and saw 5 of its levels.

You collected 207 gold pieces.

Inventory:

Hand Weapons
 a - a +1 war axe (weapon)
 r - a +1 morningstar of freezing
Armour
 b - a +0 scale mail (worn)
 c - a +0 shield (worn)
 q - a +2 cloak of poison resistance (worn)
 t - a +1 pair of gloves (worn)
Jewellery
 h - a +4 ring of intelligence {unknown}
 l - a cursed ring of loudness (left hand)
 u - an uncursed ring of protection from cold {unknown}
 v - a cursed -3 ring of strength (right hand)
 x - a cursed amulet of inaccuracy (around neck)
Scrolls
 g - a scroll of amnesia
 i - 2 scrolls of enchant armour
 j - 2 scrolls of fear
 k - 2 scrolls of identify
Potions
 d - 3 potions of might
 f - 4 potions of curing
 p - a potion of flight
 w - a potion of agility
Comestibles
 e - 4 bread rations
 m - 6 fruits
 s - a meat ration


   Skills:
 + Level 5.5 Fighting
 + Level 4.7 Axes
 + Level 5.4 Armour
 + Level 3.6 Dodging
 + Level 6.3 Shields


You had 7 spell levels left.
You didn't know any spells.

Dungeon Overview and Level Annotations

Branches:
Dungeon (5/15)
 Temple: D:4-7

Altars:
Okawaru


Innate Abilities, Weirdness & Mutations

You are under a permanent stasis effect.
You can dig through walls and to a lower floor.
Your four strong arms can wield two-handed weapons with a shield.
You have a pair of large antennae on your head (SInv).


Message History

It was a potion of cure mutation.
It has a very clean taste.
Drink which item? (? for menu, Esc to quit)
It was a potion of curing.
You feel better.
Drop what? 23/52 slots (_ for help) (? for menu, Esc to quit)
You drop a potion of haste.
You open the door.
There is an open door here.
You open the door.
There is an open door here.
There is an open door here.
There is an open door here.
There is an open door here.
You feel a little less agile now.
Found 18 stones.
You now have 207 gold pieces (gained 11).
A crimson imp comes into view.
The crimson imp blinks!
A crimson imp is nearby!
A crimson imp is nearby!
Are you sure you want to abandon this character and quit the game? (Confirm with "yes".)

#..##....##..>##..#........
#........##########......##
#...(....##...##..#......#.
#.........#....#..'......#.
#.........#...#####......##
#..##.....#...#............
#####....##5..#............
........##...#............
.........@...#............
..########...#....########
## ####....# # .....# #
......# # # # # #


You could see a crimson imp.

Vanquished Creatures
  Pikel (D:3)
  A centaur (D:5)
  A slave (D:4)
  The ghost of P0WERM0DE the Poker, an amateur MfCK of Xom (D:3)
  An ogre (D:4)
  Crazy Yiuf (D:2)
  A giant frog skeleton (D:4)
  An iguana (D:4)
  Terence (D:3)
  2 orc wizards (D:5)
  A worker ant (D:4)
  A mummy (D:4)
  Robin (D:2)
  6 adders
  An adder skeleton (D:4)
  5 worms
  14 orcs
  4 bats
  12 goblins
  14 hobgoblins
  4 kobolds
  2 quokkas
  A ball python (D:1)
  A giant cockroach (D:4)
  2 giant geckos
  3 giant newts
  A jackal skeleton (D:4)
  3 kobold zombies (D:4)
  An orc zombie (D:4)
  A quokka zombie (D:5)
  11 rats
  4 fungi (D:2)
104 creatures vanquished.

Vanquished Creatures (others)
  A worker ant (D:4)
1 creature vanquished.

Grand Total: 105 creatures vanquished

Notes
Turn   | Place    | Note
--------------------------------------------------------------
     0 | D:1      | Proton the Formicid Fighter began the quest for the Orb.
     0 | D:1      | Reached XP level 1. HP: 18/18 MP: 1/1
    87 | D:1      | Reached XP level 2. HP: 21/24 MP: 2/2
   156 | D:1      | Found an iron altar of Okawaru.
   400 | D:2      | Reached XP level 3. HP: 29/29 MP: 3/3
   559 | D:2      | Noticed Robin
   566 | D:2      | Reached skill level 4 in Shields
   571 | D:2      | Reached skill level 1 in Dodging
   576 | D:2      | Killed Robin
   576 | D:2      | Reached XP level 4. HP: 12/37 MP: 4/4
  1497 | D:2      | Noticed Crazy Yiuf
  1503 | D:2      | Killed Crazy Yiuf
  1503 | D:2      | Reached XP level 5. HP: 36/42 MP: 5/5
  1697 | D:3      | Noticed Terence
  1711 | D:3      | Killed Terence
  2113 | D:3      | Noticed P0WERM0DE's ghost (amateur MfCK)
  2143 | D:3      | Killed P0WERM0DE's ghost
  2143 | D:3      | Reached XP level 6. HP: 6/49 MP: 6/6
  2688 | D:4      | Reached skill level 5 in Shields
  2688 | D:4      | Reached XP level 7. HP: 44/55 MP: 7/7
  2749 | D:4      | Noticed Pikel
  2782 | D:3      | Killed Pikel
  2782 | D:3      | Reached skill level 5 in Fighting
  2782 | D:3      | Reached skill level 5 in Armour
  2782 | D:3      | Reached XP level 8. HP: 29/62 MP: 8/8
  3366 | D:4      | Reached skill level 6 in Shields
  3666 | D:5      | Entered Level 5 of the Dungeon
  4147 | D:5      | Quit the game

Vault maps used:
D:1:      eino_arrival_water_cross, okawaru_ov_weapons_minmay
D:2:      uniq_robin, uniq_crazy_yiuf_cottage
D:3:      first_bread, kennysheep_potato, uniq_terence
D:4:      st_stairs_3, grunt_decor_arrowhead, minivault_5, grunt_ministairs_11,
          minmay_mini_ossuary, uniq_pikel

Action                   |  1- 3 |  4- 6 |  7- 9 || total
-------------------------+-------+-------+-------++-------
Melee: War axe           |    72 |   170 |   139 ||   381
  Use: Scroll            |       |       |     8 ||     8
       Potion            |       |       |     3 ||     3
  Eat: Bread ration      |       |     1 |       ||     1
       Royal jelly       |       |     1 |       ||     1
       Meat ration       |       |       |     1 ||     1
       Beef jerky        |       |       |     1 ||     1
